 Dungeon Crawl Stone Soup version 0.19-a0 (webtiles) character file.

30854 nubinia the Geomancer (level 13, -1/69 HPs)
             Began as a Gargoyle Earth Elementalist on Apr 26, 2016.
             Was the Champion of Sif Muna.
             Slain by an ogre
             ... wielding a +0 giant spiked club
              (8 damage)
             ... on level 1 of the Orcish Mines on Apr 27, 2016.
             The game lasted 01:57:49 (21355 turns).

nubinia the Geomancer (GrEE)                       Turns: 21355, Time: 01:57:52

Health: -1/69      AC: 24    Str: 12    XL:     13   Next: 54%
Magic:  38/38      EV:  7    Int: 24    God:    Sif Muna [******]
Gold:   889        SH:  0    Dex: 10    Spells: 8 memorised, 11 levels left

rFire  . . .     SeeInvis +     p - +1 short sword (protect)
rCold  + . .     Gourm    +     G - +2 robe of Shadows and Fog {rC+ SInv}
rNeg   + . .     Faith    .     (no shield)
rPois  ∞         Spirit   .     Y - +2 hat {Int+3}
rElec  +         Dismiss  .     z - +0 cloak
rCorr  .         Reflect  .     o - +0 pair of gloves
SustAt .         Harm     .     (no boots)
MR     .....                    W - amulet of the gourmand
Stlth  +++.......               j - +1 ring of protection
                                R - ring of magical power

@: slowed, very slow, not resistant to hostile enchantments, fairly stealthy
A: negative energy resistance 1, electricity resistance, unbreathing,
petrification resistance, rot immunity, AC +9
a: Channel Energy, Forget Spell, Renounce Religion


You were on level 1 of the Orcish Mines.
You worshipped Sif Muna.
Sif Muna was exalted by your worship.
You were very full.

You visited 4 branches of the dungeon, and saw 17 of its levels.
You also visited: Sewer.

You collected 889 gold pieces.

Inventory:

Hand Weapons
 a - a +1 mace
 i - a +0 club
 p - a +1 short sword of protection (weapon)
Missiles
 b - 117 stones (quivered)
Armour
 o - a +0 pair of gloves (worn)
 z - a +0 cloak (worn)
 G - the +2 robe of Shadows and Fog (worn) {rC+ SInv}
   (You took it off an orc wizard on level 6 of the Dungeon)

   It protects you from cold.
   It lets you see invisible.
 Y - a +2 hat of intelligence (worn)
Jewellery
 j - a +1 ring of protection (right hand)
 J - an uncursed ring of wizardry
 K - an uncursed amulet of dismissal
 M - an uncursed ring of sustain attributes
 R - a ring of magical power (left hand)
 V - an uncursed ring of fire
 W - an amulet of the gourmand (around neck)
Wands
 c - a wand of acid (5/15)
 w - a wand of heal wounds (4/9)
 C - a wand of flame (16/48)
 E - a wand of lightning (3/15)
 S - a wand of acid (15/15)
 X - a wand of iceblast (2/15)
Scrolls
 f - 2 scrolls of enchant armour
 h - a scroll of amnesia
 y - a scroll of blinking
 B - 3 scrolls of fog
 U - a scroll of teleportation
 Z - a scroll of enchant weapon
Potions
 e - 2 potions of might
 k - 12 potions of curing
 l - 2 potions of magic
 m - 5 potions of heal wounds
 n - 2 potions of haste
 q - 3 potions of flight
 r - 2 potions of mutation
 s - 2 potions of agility
 v - 2 potions of lignification
 x - 3 potions of brilliance
 F - a potion of ambrosia {unknown}
 L - 3 potions of berserk rage
 T - a potion of resistance {unknown}
Books
 d - a book of Transfigurations

   Spells                             Type                      Level
   a - Irradiate                      Conjuration/Transmutation    5
   b - Statue Form                    Transmutation/Earth          6
   c - Hydra Form                     Transmutation                6
   d - Dragon Form                    Transmutation                7
 u - Ibbej's Compendium of Stones and Translocation
   (Sif Muna gifted it to you on level 1 of the Orcish Mines)

   Spells                             Type                      Level
   a - Apportation                    Translocation                1
   b - Force Lance                    Conjuration/Translocation    4
   c - Leda's Liquefaction            Hexes/Earth                  4
   d - Lee's Rapid Deconstruction     Earth                        5
   e - Lehudib's Crystal Spear        Conjuration/Earth            8
Miscellaneous
 N - a disc of storms
Comestibles
 g - 9 chunks of flesh
 O - 17 fruits


   Skills:
 - Level 3.6 Fighting
 - Level 3.0 Maces & Flails
 - Level 0.1 Throwing
 - Level 6.8 Armour
 - Level 1.7 Dodging
 - Level 4.7 Stealth
 - Level 12.0 Spellcasting
 - Level 9.8 Conjurations
 + Level 1.4 Translocations
 - Level 1.2 Transmutations
 - Level 14.5 Earth Magic
 - Level 6.7 Invocations
 - Level 0.1 Evocations


You had 11 spell levels left.
You knew the following spells:

 Your Spells              Type           Power        Failure   Level  Hunger
a - Sandblast             Erth           ######       0%          1    None
b - Stone Arrow           Conj/Erth      ######       1%          3    None
c - Passwall              Trmt/Erth      ######....   1%          2    None
d - Petrify               Trmt/Erth      ######..     1%          4    None
e - Irradiate             Conj/Trmt      #####.....   14%         5    ###....
f - Force Lance           Conj/Tloc      #####...     4%          4    None
g - Apportation           Tloc           ###.......   2%          1    None
l - Lee's Rapid Deconstr  Erth           ######....   1%          5    ###....


Dungeon Overview and Level Annotations

Branches:
Dungeon (11/15)            Temple (1/1) D:5            Lair (4/8) D:11
  Swamp (0/4) Lair:3       Spider (0/4) Lair:4          Orc (1/2) D:10

Altars:
Ashenzari
Cheibriados
Dithmenos
Fedhas
Makhleb
Nemelex Xobeh
Okawaru
Qazlal
Ru
Sif Muna
Trog
Vehumet
Xom
Zin
The Shining One

Annotations:
D:3 warlockg3's ghost, amateur DsIE
D:5 Prince Ribbit


Innate Abilities, Weirdness & Mutations

You are resistant to torment.
Your stone body is resilient (AC +9).
You are immune to poison.
You resist negative energy.
You are resistant to electric shocks.
You can survive without breathing.
You are immune to petrification.
You are immune to rotting.


Message History

The two-headed ogre shouts in stereo!
The sixfirhy hits you but does no damage.
The warg bites you.
* * * LOW HITPOINT WARNING * * *
The sixfirhy hits you but does no damage.
There is a stone staircase leading down here.
The sixfirhy disappears in a puff of smoke!
The orc wizard casts a spell.
The orc wizard seems to speed up.
The warg stops to sniff the ground.
The warg bites you but does no damage.
There is a staircase back to the Dungeon here.
You see here a tomahawk.
The sun demon hits you but does no damage.
The warg bites you but does no damage.
The orc high priest calls down the wrath of Beogh upon you.
Beogh smites you!
* * * LOW HITPOINT WARNING * * *
The ogre hits you with a giant spiked club!
You die...

##............#.#...
#....................
##..............#.....
#...#................
##.....................
#....O.÷.).#.............
##.......[................
#.........O.o.............
##.....[[@hoo....#........
##.....)(3......#..#.....
##......(...oo.o..........
#.......#........#........
##.......#...o4.#.........
##.##...#........)........
#......#.......o...o......
##.#..#.....)..)))........
##....##..................


You could see an orc high priest, a sun demon, an orange demon, a two-headed
ogre, a warg, 2 orc warriors, an ogre, an orc priest, an orc wizard and 3 orcs.

Vanquished Creatures
  Gastronok (Lair:3)
  A death yak (Lair:4)
  The ghost of Moloch the Arsonist, a journeyman OpWz of Vehumet (Lair:1)
  Urug (D:10)
  An unseen horror (D:11)
  2 hill giants
  An orc knight (D:10)
  An ugly thing (D:11)
  4 black mambas
  8 spiny frogs
  A rime drake (Lair:1)
  A komodo dragon (Lair:2)
  4 trolls
  Grinder (D:6)
  9 blink frogs
  A wraith (D:11)
  2 basilisks
  36 yaks
  Sigmund (D:5)
  2 humans (D:7)
  2 wyverns (D:11)
  2 hungry ghosts (D:11)
  2 vampire mosquitoes (D:11)
  2 hippogriffs (Lair:1)
  Menkaure (D:5)
  A warg (D:10)
  3 insubstantial wisps (Lair:3)
  5 water moccasins
  5 porcupines
  A soldier ant (D:8)
  8 orc warriors
  Duvessa (D:5)
  3 black bears
  2 phantoms (D:11)
  2 wasps
  4 sky beasts
  An eye of draining (D:11)
  3 ice beasts (D:10)
  9 wolves
  9 ogres
  8 crocodiles
  14 centaurs
  2 big kobolds
  16 giant frogs
  Dowan (D:5)
  4 scorpions
  7 killer bees (D:8)
  9 wights
  2 howler monkeys (D:7)
  An electric eel (Lair:2)
  4 crimson imps
  2 jellies
  10 orc priests
  2 giant frog zombies (D:5)
  8 hounds
  A giant frog skeleton (D:4)
  Jessica (D:3)
  6 iguanas
  8 orc wizards
  2 hell rats (D:7)
  9 worker ants
  A killer bee zombie (D:10)
  A howler monkey zombie (D:10)
  2 worker ant zombies
  4 gnolls (D:4)
  A howler monkey skeleton (D:4)
  20 adders
  63 river rats
  An ooze (D:6)
  A worm (D:8)
  A dart slug (D:1)
  8 giant geckos
  35 orcs
  A ball python (D:3)
  4 bats
  8 giant cockroaches
  6 goblins
  7 hobgoblins
  16 jackals
  3 quokkas
  A giant gecko skeleton (D:8)
  9 giant newts
  A jackal zombie (D:5)
  11 kobolds
  A quokka skeleton (D:5)
  31 rats
499 creatures vanquished.

Vanquished Creatures (others)
  A yak (Lair:1)
  4 fungi
  5 plants
10 creatures vanquished.

Grand Total: 509 creatures vanquished

Notes
Turn   | Place    | Note
--------------------------------------------------------------
     0 | D:1      | nubinia the Gargoyle Earth Elementalist began the quest for the Orb.
     0 | D:1      | Reached XP level 1. HP: 10/10 MP: 3/3
   223 | D:1      | Reached skill level 4 in Earth Magic
   223 | D:1      | Reached XP level 2. HP: 15/15 MP: 0/5
   741 | D:1      | Reached XP level 3. HP: 19/19 MP: 6/6
   745 | D:1      | Learned a level 2 spell: Passwall
   756 | D:1      | Learned a level 3 spell: Stone Arrow
  1634 | D:2      | Found a burning altar of Makhleb.
  1634 | D:2      | Found a shadowy altar of Dithmenos.
  1635 | D:2      | Found a bloodstained altar of Trog.
  2063 | D:2      | Reached XP level 4. HP: 20/24 MP: 3/7
  2121 | D:3      | Reached skill level 1 in Armour
  2134 | D:3      | Found a faded altar to an unknown god.
  2150 | D:3      | Found a glowing drain.
  2158 | D:3      | Reached skill level 1 in Conjurations
  2220 | Sewer    | Entered a sewer
  2406 | Sewer    | Noticed a big kobold
  2441 | Sewer    | Killed a big kobold
  2441 | Sewer    | Reached XP level 5. HP: 27/28 MP: 3/9
  2539 | Sewer    | Found a white marble altar of Elyvilon.
  2840 | D:3      | Reached skill level 1 in Fighting
  2847 | D:3      | Reached skill level 1 in Maces & Flails
  2864 | D:3      | Reached skill level 5 in Earth Magic
  2892 | D:3      | Noticed warlockg3's ghost (amateur DsIE)
  2894 | D:3      | Reached XP level 6. HP: 34/34 MP: 10/10
  3090 | D:4      | Found a shattered altar of Ashenzari.
  3307 | D:4      | Found a glowing golden altar of the Shining One.
  3831 | D:3      | Noticed Jessica
  3835 | D:3      | Killed Jessica
  3940 | D:4      | Reached XP level 7. HP: 36/39 MP: 8/12
  4368 | D:4      | Reached skill level 6 in Earth Magic
  4904 | D:5      | Entered Level 5 of the Dungeon
  5062 | D:5      | Reached XP level 8. HP: 41/44 MP: 14/14
  5068 | D:5      | Learned a level 4 spell: Petrify
  5074 | D:5      | Learned a level 5 spell: Lee's Rapid Deconstruction
  5302 | D:5      | Noticed Sigmund
  5896 | D:5      | Found a staircase to the Ecumenical Temple.
  5905 | Temple   | Entered the Ecumenical Temple
  5930 | Temple   | Became a worshipper of Sif Muna the Loreminder
  6425 | D:5      | Killed Sigmund
  7151 | D:5      | Reached skill level 7 in Earth Magic
  7207 | D:5      | Noticed Duvessa
  7207 | D:5      | Noticed Dowan
  7213 | D:5      | Killed Duvessa
  7213 | D:5      | Reached skill level 5 in Spellcasting
  7230 | D:5      | Killed Dowan
  7230 | D:5      | Reached * piety under Sif Muna
  7346 | D:5      | Reached XP level 9. HP: 49/49 MP: 6/17
  7443 | D:5      | Noticed Menkaure
  7443 | D:5      | Noticed Prince Ribbit
  7786 | D:5      | Killed Menkaure
  7786 | D:5      | Reached skill level 1 in Invocations
  7837 | D:6      | Noticed Grinder
  7841 | D:6      | Killed Grinder
  8056 | D:6      | Found a snail-covered altar of Cheibriados.
  8060 | D:6      | Reached skill level 8 in Earth Magic
  8204 | D:6      | Reached skill level 5 in Armour
  8283 | D:6      | Got a shadowed robe
  8294 | D:6      | Identified the +2 robe of Shadows and Fog {rC+ SInv} (You took it off an orc wizard on level 6 of the Dungeon)
  8313 | D:6      | Reached ** piety under Sif Muna
  8323 | D:6      | Found a radiant altar of Vehumet.
  9343 | D:7      | Reached skill level 5 in Conjurations
  9421 | D:7      | Found an iron altar of Okawaru.
  9630 | D:7      | Reached skill level 9 in Earth Magic
  9678 | D:7      | Reached XP level 10. HP: 51/55 MP: 3/20
 10495 | D:8      | Reached *** piety under Sif Muna
 11308 | D:9      | Noticed a centaur warrior
 11314 | D:10     | Entered Level 10 of the Dungeon
 11560 | D:10     | Reached skill level 1 in Transmutations
 11783 | D:10     | Reached skill level 10 in Earth Magic
 11923 | D:10     | Found a staircase to the Orcish Mines.
 12092 | D:10     | Noticed Urug
 12126 | D:10     | Killed Urug
 12126 | D:10     | Reached **** piety under Sif Muna
 12126 | D:10     | Reached XP level 11. HP: 60/60 MP: 14/23
 12927 | D:11     | Noticed a hill giant
 13146 | D:11     | Noticed a hill giant
 13151 | D:11     | Killed a hill giant
 13283 | D:11     | Reached ***** piety under Sif Muna
 13283 | D:11     | Reached skill level 11 in Earth Magic
 13330 | D:10     | Killed a hill giant
 13419 | D:11     | Noticed an unseen horror
 13423 | D:11     | Killed an unseen horror
 14220 | D:11     | Reached skill level 5 in Invocations
 14470 | D:11     | Noticed a purple ugly thing
 14570 | D:11     | Killed a purple ugly thing
 14570 | D:11     | Reached skill level 12 in Earth Magic
 14744 | D:11     | Found a staircase to the Lair.
 14906 | Lair:1   | Entered Level 1 of the Lair of Beasts
 15027 | Lair:1   | Reached ****** piety under Sif Muna
 15027 | Lair:1   | Received a gift from Sif Muna
 15028 | Lair:1   | Identified Sif Muna's Incunabulum of Enthralling Transmigration (Sif Muna gifted it to you on level 1 of the Lair of Beasts)
 15056 | Lair:1   | Reached XP level 12. HP: 59/64 MP: 0/25
 15282 | Lair:1   | Reached skill level 10 in Spellcasting
 15350 | Lair:1   | Noticed Moloch's ghost (journeyman OpWz)
 16918 | Lair:1   | Killed Moloch's ghost
 16918 | Lair:1   | Reached skill level 13 in Earth Magic
 17585 | Lair:2   | Received a gift from Sif Muna
 17609 | Lair:2   | Identified Sif Muna's Grimoire of Mutagenic Bewitchment (Sif Muna gifted it to you on level 2 of the Lair of Beasts)
 18626 | Lair:3   | Found a staircase to the Swamp.
 18631 | Lair:3   | Reached XP level 13. HP: 69/69 MP: 28/28
 18742 | Lair:3   | Noticed Gastronok
 18862 | Lair:3   | Killed Gastronok
 19405 | Lair:3   | Reached skill level 14 in Earth Magic
 19584 | Lair:4   | Found a hole to the Spider Nest.
 20083 | Lair:4   | Learned a level 5 spell: Irradiate
 20403 | Lair:3   | Upgraded the game from 0.18-a0-1805-g8ab820f to 0.19-a0
 20506 | Orc:1    | Entered Level 1 of the Orcish Mines
 20513 | Orc:1    | Received a gift from Sif Muna
 20551 | Orc:1    | Identified Ibbej's Compendium of Stones and Translocation (Sif Muna gifted it to you on level 1 of the Orcish Mines)
 21187 | Orc:1    | Learned a level 1 spell: Apportation
 21192 | Orc:1    | Learned a level 4 spell: Force Lance
 21264 | Orc:1    | Reached skill level 1 in Translocations
 21355 | Orc:1    | Slain by an ogre

Vault maps used:
D:1:      scummos_arrival_simple_fountains
D:2:      gammafunk_temple_overflow_claw
D:3:      ecumenical_altar_2, portal_sewer_entry_f, uniq_jessica
D:4:      nicolae_overflow_hidden_temple, nicolae_ashenzari_panopticon
D:5:      minmay_temple_entry_statues_fountains, first_bread, minivault_1,
          kennysheep_generic_room_3, uniq_menkaure, uniq_prince_ribbit1,
          uniq_sigmund, uniq_duvessa
D:6:      grunt_temple_overflow_open, uniq_grinder
D:7:      lemuel_ratsnest, okawaru_humans
D:8:      hangedman_pestilent_swarm
D:9:      kennysheep_boxes
D:10:     orc_0_dummy, uniq_urug
D:11:     due_lair_maze_entry_diamond
Temple:   nicolae_temple_god_jail
Lair:1:   beast_lair_carwin_11, infiniplex_staircase_pool_2, grunt_megastairs_5,
          lemuel_fruit_tree
Lair:2:   serial_bayou_shore_a, wad_woods_river_01
Lair:3:   minmay_swamp_entry_wisps, serial_bayou_shore_b, uniq_gastronok
Lair:4:   spider_nest_entry_web_field, lemuel_fruit_fields
Sewer:    sewer_kobolds

Skill      XL: |  1  2  3  4  5  6  7  8  9 10 11 12 13 |
---------------+----------------------------------------+-----
Earth Magic    | 4 5 6 7 9 10 12 13 14 | 14.5
Armour         | 2 3 4 5 6 |  6.8
Conjurations   | 1 2 3 4 5 6 7 9 |  9.8
Spellcasting   | 3 4 5 7 8 9 11 12 | 12.0
Fighting       | 1 2 3 |  3.6
Maces & Flails | 1 2 3 |  3.0
Stealth        | 3 4 |  4.7
Invocations    | 2 4 5 6 |  6.7
Transmutations | 1 |  1.2
Translocations | 1 |  1.4
Throwing       | |  0.1
Dodging        | |  1.7
Evocations     | |  0.1

Action                   |  1- 3 |  4- 6 |  7- 9 | 10-12 | 13-15 || total
-------------------------+-------+-------+-------+-------+-------++-------
Melee: Unarmed           |     9 |       |     5 |       |       ||    14
       Mace              |    75 |   152 |   161 |   168 |     3 ||   559
       Short sword       |       |       |     2 |     1 |       ||     3
Throw: Stone             |       |       |       |     2 |       ||     2
 Cast: Sandblast         |    24 |    39 |    84 |    62 |    72 ||   281
       Stone Arrow       |       |     2 |    81 |   380 |    88 ||   551
       Passwall          |       |       |     1 |     1 |       ||     2
       Lee's Rapid Decon |       |       |     6 |    30 |    14 ||    50
       Petrify           |       |       |       |     7 |     2 ||     9
Invok: Channel Energy    |       |       |    59 |   148 |    39 ||   246
Evoke: Wand              |       |       |       |     2 |       ||     2
  Use: Scroll            |     2 |     5 |    10 |     5 |     3 ||    25
       Potion            |       |     2 |     1 |     1 |     1 ||     5
 Stab: Sleeping          |     5 |     1 |       |     4 |       ||    10
  Eat: Chunk             |     4 |     6 |    28 |    55 |    23 ||   116
       Bread ration      |       |       |     1 |       |       ||     1
       Pizza             |       |       |       |     2 |     1 ||     3
Armor: Robe              |     5 |       |    35 |   204 |    59 ||   303
       Leather armour    |    30 |   113 |   121 |       |       ||   264
Dodge: Dodged            |    56 |   122 |   213 |   269 |    42 ||   702
